 Dungeon Crawl Stone Soup version 0.21.0-22-g11d5b52 (webtiles) character file.

42 Sharkov the Conjurer (level 3, -2/19 HPs)
             Began as a Kobold Conjurer on Jan 18, 2018.
             Slain by a kobold (4 damage)
             ... on level 2 of the Dungeon.
             The game lasted 00:04:02 (1711 turns).

Sharkov the Conjurer (Kobold Conjurer)              Turns: 1711, Time: 00:04:03

Health: -2/19      AC:  2    Str:  3 (5)  XL:     3   Next: 77%
Magic:  0/5        EV: 17    Int: 17      God:
Gold:   69         SH:  0    Dex: 13 (15) Spells: 3/6 levels left

rFire    . . .     SeeInvis .   (weapon restricted)
rCold    . . .     Gourm    .   (shield restricted)
rNeg     . . .     Faith    .   a - +0 robe
rPois    .         Spirit   .   (no helmet)
rElec    .         Reflect  .   (no cloak)
rCorr    .         Harm     .   (no gloves)
MR       .....                  (no boots)
Stlth    ++........             (no amulet)
HPRegen  0.06/turn              (no ring)
MPRegen  0.09/turn              (no ring)

@: no status effects
A: small, repulsion field 1, carnivore, low mp 1, wild magic 1
a: no special abilities


You were on level 2 of the Dungeon.
You were very full.

You visited 1 branch of the dungeon, and saw 2 of its levels.

You collected 69 gold pieces.

Inventory:

Armour
 a - a +0 robe (worn)
Scrolls
 e - a scroll of remove curse
 g - a scroll of random uselessness
 h - a scroll of fear {unknown}
Potions
 d - a potion of degeneration
Books
 b - a book of Conjurations

   Spells                             Type                      Level
   a - Magic Dart                     Conjuration                  1
   b - Searing Ray                    Conjuration                  2
   c - Dazzling Spray                 Conjuration/Hexes            3
   d - Fulminant Prism                Conjuration/Hexes            4
   e - Force Lance                    Conjuration/Translocation    4
   f - Iskenderun's Mystic Blast      Conjuration                  4
Comestibles
 c - 6 rations


   Skills:
 - Level 2.4 Dodging
 - Level 2.6 Stealth
 - Level 2.2 Spellcasting
 + Level 5.2 Conjurations


You had 3 spell levels left.
You knew the following spells:

 Your Spells              Type           Power        Failure   Level  Hunger
a - Magic Dart            Conj           ####         4%          1    #......
b - Searing Ray           Conj           ####..       5%          2    ###....


Dungeon Overview and Level Annotations

Branches:
Dungeon (2/15)

Altars:
Nemelex Xobeh

Annotations:
D:1 1 runed door


Innate Abilities, Weirdness & Mutations

You are small and have problems with some larger weapons.
You are carnivorous and can eat meat at any time.
You are surrounded by a mild repulsion field. (EV +2)
Your magical capacity is low. (-10% MP)
Your spells are a little harder to cast, but a little more powerful.


Message History

The kobold is moderately wounded.
The kobold barely misses you.
You hit the kobold but do no damage.
The kobold is moderately wounded.
The kobold completely misses you.
You closely miss the kobold.
The kobold is moderately wounded.
The kobold closely misses you.
You closely miss the kobold.
The kobold is moderately wounded.
The kobold misses you.
Casting: Magic Dart
Confirm with . or Enter, or press ? or * to list all spells.
Aiming: Magic Dart
Press: ? - help, Shift-Dir - straight line, f/p - kobold
Aim: a kobold (blue smoke, moderately wounded)
The magic dart hits the kobold.
The kobold is severely wounded.
The kobold hits you.
You die...

#.....## #......#
#......######
#...........#
#########....†......#
#...§.§....####......
#....§.....# #......
#..§K§.....# #......
#.§.@§.....####.[....
#########...........#
#.#####...... #.##
#...#.. #..# ##.....
##(# ##.... #.##
#.... #..#####....
##.....#....


You could see a kobold.

Vanquished Creatures
  2 adders (D:2)
  An ooze (D:2)
  A worm (D:2)
  A goblin (D:2)
  2 hobgoblins (D:2)
  A jackal (D:1)
  2 ball pythons
  4 bats
  2 kobolds (D:2)
  3 rats
19 creatures vanquished.

Notes
Turn   | Place    | Note
-------+----------+-------------------------------------------
     0 | D:1      | Sharkov the Kobold Conjurer began the quest for the Orb.
     0 | D:1      | Reached XP level 1. HP: 10/10 MP: 3/3
     3 | D:1      | Found a runed door.
   265 | D:1      | Found a sparkling altar of Nemelex Xobeh.
   415 | D:2      | Reached XP level 2. HP: 9/15 MP: 0/5
   747 | D:1      | Reached XP level 3. HP: 18/19 MP: 3/6
   878 | D:1      | Learned a level 2 spell: Searing Ray
  1099 | D:2      | Reached skill level 5 in Conjurations
  1670 | D:2      | Gained mutation: You are surrounded by a mild repulsion field. (EV +2) [potion of mutation]
  1670 | D:2      | Gained mutation: Your magical capacity is low. (-10% MP) [potion of mutation]
  1670 | D:2      | Gained mutation: Your spells are a little harder to cast, but a little more powerful. [potion of mutation]
  1711 | D:2      | Slain by a kobold

Skill      XL: |  1  2  3 |
---------------+----------+-----
Conjurations   | 5 |  5.2
Dodging        | |  2.4
Stealth        | |  2.6
Spellcasting   | |  2.2

Action                   || total
-------------------------++-------
Melee: Unarmed           ||    42
 Cast: Magic Dart        ||    30
       Searing Ray       ||     3
  Use: Potion            ||     5
       Scroll            ||     4
  Eat: Chunk             ||    10
Armor: Skin              ||    27
       Robe              ||    11
Dodge: Dodged            ||    90
